 Dungeon Crawl Stone Soup version 0.18-a0-1784-ga939a68 (webtiles) character file.

13561435 Ebgish the Axe Maniac (level 27, 264/264 HPs)
             Began as a Formicid Fighter on Apr 15, 2016.
             Was the Champion of Ru.
             Escaped with the Orb
             ... and 15 runes on Apr 18, 2016!
             The game lasted 1 day 02:05:00 (118638 turns).

Ebgish the Axe Maniac (Formicid Fighter)      Turns: 118638, Time: 1 , 02:05:01

Health: 264/264    AC: 49    Str: 32    XL:     27
Magic:  48/48      EV: 10    Int:  6    God:    Ru [******]
Gold:   14223      SH: 33    Dex:  8    Spells: 9 memorised, 26 levels left

rFire  + + +     SeeInvis +     a - +9 executioner's axe (freeze)
rCold  + + +     Gourm    .     U - +10 gold dragon armour
rNeg   + + .     Faith    .     A - +6 large shield of Ignorance {rN+ AC+2 EV+2 Int-6 *Curse}
rPois  +         Spirit   .     (helmet unavailable)
rElec  +         Dismiss  .     j - +2 cloak of the Vaults {rElec}
rCorr  .         Reflect  .     q - +3 pair of gauntlets of War {Slay+5}
SustAt .         Harm     .     C - +0 pair of boots {run}
MR     +++..                    P - amulet of Vitality {Regen+ HP+15}
Stlth  ..........               B - ring of Quotek {rF++ rC+ MR- Int+2 Stlth+}
                                y - ring of Fisearch {rPois rC+ rN+ MR+}

@: deflect missiles, drained, quick, extremely resistant to hostile
enchantments, extremely unstealthy
A: permanent stasis, dig shafts and tunnels, four strong arms, antennae 3,
clumsy 1, deterioration 1, magic resistance 1, inability to read while
threatened, no stealth, hated by all, inability to train dodging, no earth
magic, no summoning magic, no transmutations magic, missing an eye
a: Dig, Shaft Self, Draw Out Power, Power Leap, Apocalypse, Renounce Religion
0: Orb of Zot
}: 15/15 runes: decaying, serpentine, slimy, silver, golden, iron, obsidian,
icy, bone, abyssal, demonic, glowing, magical, fiery, dark


You escaped.
You worshipped Ru.
Ru was exalted by your worship.
You were completely stuffed.

You visited 17 branches of the dungeon, and saw 86 of its levels.
You visited Pandemonium 1 time, and saw 23 of its levels.
You visited the Abyss 5 times.
You visited 1 bazaar.
You visited 1 ziggurat, and saw 15 of its levels.
You also visited: Labyrinth, Trove, Ice Cave and Volcano.

You collected 20542 gold pieces.
You spent 6291 gold pieces at shops.

Inventory:

Hand Weapons
 a - a +9 executioner's axe of freezing (weapon)
 b - a +2 executioner's axe of holy wrath
 g - the +4 Staff of Dispater
   (You took it off Dispater on level 7 of the Iron City of Dis)
 x - the +7 Sceptre of Asmodeus
   (You took it off Asmodeus on level 7 of Gehenna)
 E - the +6 Sword of Cerebov {flame, Glorious Victory over Evil}
   (You took it off Cerebov in Pandemonium)

   It has been specially enchanted to burn those struck by it, causing extra
   injury to most foes and up to half again as much damage against particularly
   susceptible opponents.
   Big, fiery blades are also staple armaments of hydra-hunters.
 Z - the +8 autumn katana {slice, Clar}
   (You found it on level 3 of the Tomb of the Ancients)

   It inflicts extra damage upon your enemies.
   It protects you against confusion.
Missiles
 m - 6 javelins of returning (quivered)
 t - 9 throwing nets
Armour
 j - the +2 cloak of the Vaults (worn) {rElec}
   (You found it in a treasure trove)

   It insulates you from electricity.
 q - the +3 pair of gauntlets of War (worn) {Slay+5}
   (You found it in a treasure trove)

   It affects your accuracy and damage with ranged weapons and melee attacks
   (+5).
 A - the +6 large shield of Ignorance (worn) {rN+ AC+2 EV+2 Int-6 *Curse}
   (You found it in a treasure trove)

   It affects your AC (+2).
   It affects your evasion (+2).
   It affects your intelligence (-6).
   It protects you from negative energy.
   It may re-curse itself when equipped.
 C - a +0 pair of boots of running (worn)
 F - the +3 pair of boots of Lugempop {MR+ Str+5 SInv}
   (You found it on level 7 of Gehenna)

   It affects your strength (+5).
   It affects your resistance to hostile enchantments.
   It lets you see invisible.
 G - the +6 large shield "Eppefuar" {rC+}
   (You found it in a treasure trove)

   It protects you from cold.
 T - a +1 pair of boots of flying
 U - a +10 gold dragon armour (worn)
Rods
 M - a +3 rod of ignition (14/14)
   (You found it in Pandemonium)
Jewellery
 d - the macabre finger necklace {rN+}
   (You bought it in a shop on level 5 of the Vaults)

   [amulet of nothing]

   It protects you from negative energy.
 y - the ring of Fisearch (left hand) {rPois rC+ rN+ MR+}
   (You found it on level 7 of the Iron City of Dis)

   [ring of positive energy]

   It protects you from cold.
   It protects you from poison.
   It protects you from negative energy.
   It affects your resistance to hostile enchantments.
 B - the ring of Quotek (right hand) {rF++ rC+ MR- Int+2 Stlth+}
   (You took it off a deep elf annihilator on level 3 of the Elven Halls)

   [ring of protection from cold]

   It affects your intelligence (+2).
   It greatly protects you from fire.
   It protects you from cold.
   It affects your resistance to hostile enchantments.
   It makes you more stealthy.
 H - the ring "Filotwea" {SustAt +Fly Str+4}
   (You found it on level 2 of the Lair of Beasts)

   [ring of sustain attributes]

   It sustains your strength, intelligence and dexterity.
   It affects your strength (+4).
   It lets you fly.
 P - the amulet of Vitality (around neck) {Regen+ HP+15}
   (You found it on level 4 of the Realm of Zot)

   [amulet of regeneration]

   It affects your health (+15).
   It increases your rate of regeneration.
Wands
 K - a wand of heal wounds (7/9)
 V - a wand of disintegration (5/24)
Scrolls
 c - 17 scrolls of fog
 e - 29 scrolls of remove curse
 h - 5 scrolls of identify
 u - 12 scrolls of recharging
 Q - 6 scrolls of silence
 R - 6 scrolls of holy word
 S - 13 scrolls of fear
 X - 9 scrolls of magic mapping
Potions
 i - 7 potions of invisibility
 k - 7 potions of cure mutation
 n - 5 potions of resistance
 o - 5 potions of cancellation
 p - 6 potions of might
 r - 15 potions of curing
 w - 4 potions of lignification
 D - 8 potions of magic
 I - 3 potions of agility
 N - 2 potions of ambrosia
 O - 5 potions of brilliance
Miscellaneous
 s - a figurine of a ziggurat
 z - the horn of Geryon
 J - a legendary deck of defence {the Elixir, drawn: 3}
 W - a disc of storms
Comestibles
 l - 39 meat rations


   Skills:
 O Level 27(26.1) Fighting
 O Level 27(26.1) Axes
 - Level 16.8(16.0) Throwing
 O Level 27(26.1) Armour
 O Level 27(26.1) Shields
 + Level 21.5(20.7) Spellcasting
 - Level 16.0(15.3) Conjurations
 * Level 22.0(21.2) Charms
 * Level 22.0(21.2) Necromancy
 - Level 4.5(4.0) Translocations
 - Level 20.0(19.2) Fire Magic
   Level 13.2(12.5) Ice Magic
 - Level 7.6(7.1) Air Magic
 - Level 21.9(21.1) Evocations


You had 26 spell levels left.
You knew the following spells:

 Your Spells              Type           Power        Failure   Level  Hunger
a - Ring of Flames        Chrm/Fire      ####......   10%         7    #######
f - Bolt of Fire          Conj/Fire      ####......   6%          6    #######
r - Deflect Missiles      Chrm/Air       ###.......   17%         6    #######
z - Regeneration          Chrm/Necr      ####......   1%          3    ##.....
A - Apportation           Tloc           ##........   8%          1    None
B - Borgnjor's Revivific  Necr           ####......   50%         8    #######
D - Death's Door          Chrm/Necr      ####......   50%         8    #######
R - Repel Missiles        Chrm/Air       ###...       1%          2    None
S - Swiftness             Chrm/Air       ###.....     1%          2    None


Dungeon Overview and Level Annotations

Branches:
Dungeon (15/15)            Temple (0/1) D:4            Lair (8/8) D:8
  Swamp (4/4) Lair:6        Snake (4/4) Lair:5        Slime (6/6) Lair:8
    Orc (2/2) D:9             Elf (3/3) Orc:2        Vaults (5/5) D:14
  Crypt (3/3) Vaults:3       Tomb (3/3) Crypt:3      Depths (5/5) D:15
   Hell (1/1)                 Dis (7/7) Hell            Geh (7/7) Hell
    Coc (7/7) Hell            Tar (7/7) Hell            Zot (5/5) Depths:5

Altars:
Ashenzari
Elyvilon
Fedhas
Makhleb
Nemelex Xobeh
Okawaru
Ru
Sif Muna
Trog
Vehumet
Zin
The Shining One
Beogh
Jiyva

Shops:
D:11 *   Orc:2 !}*(   Vaults:1 *   Vaults:2 %   Vaults:5 *   Depths:1 **(*
Depths:5 %

Portals:
Hell: Depths:1 Depths:2 Depths:3 Depths:4 Depths:5
Abyss: Depths:4
Pandemonium: Depths:3 Depths:4 Depths:5

Annotations:
Swamp:3 Mara
Elf:3 exclusion: door
Depths:5 exclusions: draconian caller and 3 draconian zealots


Innate Abilities, Weirdness & Mutations

You are under a permanent stasis effect.
You can dig through walls and to a lower floor.
Your four strong arms can wield two-handed weapons with a shield.
You have a pair of large antennae on your head (SInv).
You are clumsy. (Dex -2)
You cannot read scrolls while threatened.
You cannot be stealthy.
You are hated by all.
You cannot train Dodging skill.
You cannot study or cast Earth magic.
You cannot study or cast Summoning magic.
You cannot study or cast Transmutations magic.
You are missing an eye, making it more difficult to aim.
Your body sometimes deteriorates upon taking damage.
You are resistant to hostile enchantments.


Message History

You carve the Orb Guardian like a ham!!!
You freeze the Orb Guardian. You block the Orb Guardian's attack.
You closely miss the Orb Guardian. You block the Orb Guardian's attack.
You slash the Orb Guardian! You freeze the Orb Guardian.
You kill the Orb Guardian!
No target in view!
No target in view!
No target in view!
(D) Dungeon (T) Temple (L) Lair (S) Swamp (P) Snake Pit (M) Slime Pits (O) Orcish Mines (E) Elven Halls (V) Vaults (C) Crypt (W) Tomb (U) Depths (H) Hell (I) Dis (G) Gehenna (X) Cocytus (Y) Tartarus (Z) Zot
Where to? (Enter - D:1 @ (x,y), ? - help)
You enter the shallow water.
Moving in this stuff is going to be slow.
There is a staircase leading out of the dungeon here.
Health restored: 264
Okay, then.
You have escaped!

#######..#.#.## #
#.....).......# #
#.............# #
########.#########.#.# #
#§≈≈≈≈≈≈.§§≈§≈≈§##.#.####
#≈≈≈≈≈....§≈§§§§#.##...>.
###≈≈....≈≈≈§§.§§≈####.####
#.#≈...≈≈≈.≈≈≈.§§§# #.# #
#.#§..≈≈≈.@..≈≈..≈# #.# #
#.#≈.[.≈≈≈.≈≈≈...§####.####
#.#≈§....≈≈≈.§§.§§#........
#.#≈≈§§≈....§≈≈≈≈§#)...####
#.#§≈§§≈§≈≈≈§§§≈§§#....#
#.#################....#
#.# #.# #.##.........####
#.# #.# #.##............#
#.## #.# #.##.........##.#


There were no monsters in sight!

Vanquished Creatures
  Cerebov (Pan)
  the Royal Jelly (Slime:6)
  Antaeus (Coc:7)
  Asmodeus (Geh:7)
  Gloorx Vloq (Pan)
  Ereshkigal (Tar:7)
  the Serpent of Hell (Dis:7)
  Lom Lobon (Pan)
  Mnoleg (Pan)
  7 orbs of fire
  Khufu (Tomb:3)
  Dispater (Dis:7)
  A juggernaut (Zig:3)
  6 ancient liches
  43 greater mummies
  10 iron giants
  Frederick (Vaults:5)
  5 shard shrikes (Coc:7)
  5 curse toes
  Norris (Snake:3)
  Geryon (Hell)
  Nikola (Snake:1)
  5 Killer Klowns
  11 golden dragons
  7 bone dragons
  Xtahua (Crypt:3)
  A profane servitor (Zot:5)
  43 Tzitzimimeh
  5 electric golems
  Jory (Crypt:1)
  Jorgrun (Swamp:2)
  29 Brimstone Fiends
  7 doom hounds (Tar:7)
  16 tentacled monstrosities
  36 Ice Fiends
  14 liches
  15 Hell Sentinels
  31 Orb Guardians
  21 pandemonium lords
  18 acid blobs
  7 deep elf blademasters
  4 quicksilver dragons
  2 deep elf master archers
  16 titans
  8 death cobs
  31 Executioners
  2 eldritch tentacles
  7 ancient champions
  Kirke (Lair:7)
  2 thorn hunters
  11 sphinxes
  9 draconian monks
  13 shadow dragons
  4 tengu reavers
  14 azure jellies
  27 storm dragons
  6 tentacled starspawn
  10 greater nagas
  4 revenants
  Roxanne (D:15)
  13 iron dragons
  Aizul (Swamp:1)
  13 vault wardens
  2 orc warlords
  25 fire giants
  A frost giant (shapeshifter) (Elf:3)
  14 frost giants
  11 deep elf sorcerers
  Louise (Snake:1)
  4 draconian shifters
  15 cacodemons (Pan)
  6 ghost moths
  10 corrupters
  2 juggernaut zombies
  13 warmongers
  6 curse skulls
  Maud (Lair:5)
  44 balrugs
  4 angels
  17 very ugly things
  12 deep elf elementalists
  4 draconian scorchers
  6 draconian knights
  An emperor scorpion (Zig:6)
  15 ironheart preservers
  6 draconian zealots
  15 war gargoyles
  9 draconian annihilators
  A spriggan defender (Depths:2)
  66 reapers
  A draconian caller (Zot:5)
  The ghost of Fv001 the Basher, a journeyman DsFi of Okawaru (Lair:8)
  16 ghouls
  8 elemental wellsprings (Coc:7)
  7 vampire knights
  34 stone giants
  7 blood saints (Pan)
  5 salamander stormcallers
  12 deep elf annihilators
  14 lorocyprocas
  12 deep elf demonologists
  9 green draconians
  12 black draconians
  3 purple draconians
  6 white draconians
  10 black suns (Pan)
  10 chaos champions
  7 mottled draconians
  13 yellow draconians
  10 bennus
  10 red draconians
  15 spark wasps
  Snorg (D:12)
  7 eidola
  9 death oozes
  11 ettins
  Josephine (Snake:1)
  25 green deaths
  55 blizzard demons
  12 deep elf death magi
  25 vault guards
  A minotaur (Lab)
  12 jiangshi
  40 mummy priests
  10 great orbs of eyes
  10 yaktaur captains
  10 deep elf high priests
  17 ogre magi
  21 fire dragons
  36 ice dragons
  3 rakshasas
  18 naga warriors
  5 entropy weavers
  A catoblepas (D:14)
  19 hydras
  10 hell beasts
  Erica (Orc:1)
  3 quicksilver dragon skeletons
  4 spriggan air magi (Depths:5)
  A ghost crab (Swamp:4)
  18 anacondas
  18 monstrous demonspawn
  9 centaur warriors
  7 alligators
  11 death yaks
  6 deep troll shamans
  7 death knights
  3 tengu warriors
  4 hell hogs
  3 titan zombies
  38 dancing weapons
  9 shock serpents
  6 thrashing horrors
  11 vampire magi
  6 deep troll earth magi
  3 spriggan berserkers
  15 naga sharpshooters
  93 soul eaters
  101 sun demons
  A hellephant skeleton (Crypt:2)
  6 orc high priests
  7 spriggans
  42 deep elf knights
  5 fire crabs
  4 iron trolls
  17 hell knights
  61 skeletal warriors
  Nergalle (Orc:1)
  An iron golem (Hell)
  7 salamander mystics
  3 titan skeletons
  A spatial maelstrom (Abyss:3)
  5 wretched stars
  3 storm dragon zombies
  2 spark wasp zombies
  A cherub (Zot:5)
  13 flayed ghosts
  34 shadow wraiths
  A sea snake (shapeshifter) (Depths:3)
  18 unseen horrors
  25 death scarabs
  12 gelid demonspawn (Pan)
  4 storm dragon skeletons
  13 infernal demonspawn (Pan)
  3 golden dragon zombies
  8 swamp dragons
  14 deep trolls
  8 naga ritualists
  A death drake (Tar:7)
  72 large abominations
  2 unseen horrors (shapeshifter)
  5 anaconda zombies
  14 torturous demonspawn (Pan)
  3 spriggan druids
  A shambling mangrove (Swamp:3)
  18 ironbrand convokers
  An obsidian statue (Elf:3)
  3 tengu zombies
  An orange crystal statue (Zig:1)
  8 putrid demonspawn (Pan)
  5 golden dragon skeletons
  40 anubis guards
  7 giant orange brains
  20 deep elf archers
  3 wolf spider zombies
  5 harpies
  40 shadow demons
  6 anaconda skeletons
  5 lindwurms
  2 tengu skeletons
  92 deep elf magi
  15 phantasmal warriors
  A shadow dragon zombie (Dis:7)
  16 orc knights
  8 hill giants
  6 stone giant zombies
  7 wolf spiders
  12 necromancers
  5 orc sorcerers
  9 cyclopes
  3 iron dragon zombies
  18 mana vipers
  34 ugly things
  3 fire giant zombies
  5 shining eyes
  6 frost giant zombies
  A cyclops (shapeshifter) (Vaults:5)
  2 human zombies
  A mana viper (shapeshifter) (Depths:5)
  9 wizards
  12 griffons
  A griffon (shapeshifter) (Vaults:5)
  20 salamanders
  3 shadow dragon skeletons
  A manticore (D:14)
  A worldbinder (Abyss:1)
  A sphinx skeleton (Zig:13)
  A hell hog skeleton (Crypt:2)
  2 iron dragon skeletons
  An elephant (Lair:5)
  31 rust devils
  21 moths of wrath
  3 hornets
  29 sixfirhies
  5 frost giant skeletons
  A stone giant skeleton (Tar:7)
  A salamander (shapeshifter) (Elf:1)
  21 vault sentinels
  An elephant (shapeshifter) (Depths:3)
  8 fire giant skeletons
  10 guardian serpents
  40 black mambas
  An octopode (shapeshifter) (Depths:3)
  A torpor snail (Lair:4)
  2 guardian serpents (shapeshifter)
  A titan simulacrum (Zig:8)
  79 smoke demons
  An eye of devastation (Slime:3)
  A dire elephant zombie (Hell)
  3 ice statues
  24 spiny frogs
  22 naga magi
  29 orange demons
  2 gargoyles
  5 spectral swamp worms (Depths:3)
  8 molten gargoyles
  A storm dragon simulacrum (Depths:3)
  A shock serpent skeleton (Crypt:2)
  A red draconian zombie (Crypt:3)
  31 hellions
  4 dire elephant skeletons
  A catoblepas zombie (Geh:7)
  A rime drake (Lair:2)
  A komodo dragon (shapeshifter) (Depths:2)
  3 kobold demonologists
  3 spriggan skeletons
  8 efreet
  A pale draconian zombie (Crypt:1)
  35 tormentors
  6 komodo dragons
  2 rime drakes (shapeshifter)
  38 yaktaurs
  31 demonic crawlers
  A golden dragon simulacrum (Zig:15)
  46 ice devils
  23 freezing wraiths
  3 anaconda simulacra
  An entropy weaver zombie (Vaults:3)
  44 hellwings
  An ancient zyme (Abyss:3)
  4 jumping spiders
  8 hydra zombies
  67 guardian mummies
  2 catoblepas skeletons
  54 red devils
  2 tengu conjurers
  A pale draconian skeleton (Crypt:1)
  A polar bear (Lair:5)
  A white draconian skeleton (Crypt:3)
  18 trolls
  A troll (shapeshifter) (Elf:1)
  8 giant leeches
  A shadow dragon simulacrum (Hell)
  3 wolf spider simulacra
  35 two-headed ogres
  2 spectral guardian serpents (Crypt:2)
  22 ushabtiu
  A harpy skeleton (Tar:7)
  A boulder beetle (shapeshifter) (Depths:1)
  A sphinx simulacrum (Vaults:4)
  3 raiju (Abyss:1)
  7 ice dragon zombies
  5 hydra skeletons
  A fire giant simulacrum (Zig:5)
  12 blink frogs (Lair:8)
  9 bog bodies
  3 ettin zombies
  68 slime creatures
  2 alligator zombies
  7 boulder beetles
  70 flying skulls
  2 frost giant simulacra
  An alligator skeleton (Hell)
  4 fire dragon skeletons
  4 ettin skeletons
  7 air elementals
  17 starcursed masses
  A spriggan (shapeshifter) (Vaults:3)
  6 water elementals
  4 black mamba skeletons
  8 shadows
  3 tarantellas (Depths:3)
  2 vampires
  12 redbacks
  19 wraiths
  6 fire bats
  62 ynoxinuls
  9 wyverns
  A human (shapeshifter) (Vaults:4)
  A basilisk (shapeshifter) (Depths:1)
  57 yaks
  4 hungry ghosts
  An ice dragon skeleton (Coc:7)
  A basilisk (Lair:3)
  7 small abominations
  A yak (shapeshifter) (Vaults:1)
  A hog (shapeshifter) (Depths:1)
  3 humans
  52 chaos spawn
  3 human simulacra
  13 fire elementals
  2 golden eyes
  3 hogs
  34 neqoxecs
  A hill giant zombie (D:9)
  8 hippogriffs
  3 spatial vortices
  64 vampire mosquitoes
  A steam dragon (D:12)
  A naga (shapeshifter) (Vaults:5)
  A yaktaur simulacrum (Vaults:5)
  3 insubstantial wisps
  7 wargs
  A soldier ant (D:12)
  9 spiny frog zombies
  62 nagas
  24 swamp worms
  20 water moccasins
  3 giant eyeballs
  8 porcupines
  The ghost of removemottled the Sneak, an amateur VSAs (D:3)
  An infernal demonspawn skeleton (Crypt:2)
  18 hell hounds
  2 spiny frog skeletons
  3 sky beasts
  12 necrophages
  62 orc warriors
  10 wasps
  6 ice beasts
  5 swamp drakes
  3 snapping turtle zombies
  11 eyes of draining
  2 manticore zombies (Dis:7)
  2 phantoms
  13 wolves
  A swamp dragon zombie (Coc:7)
  A tengu (Snake:4)
  A hog zombie (Crypt:2)
  13 boggarts
  74 ogres
  4 snapping turtle skeletons
  14 centaurs
  2 manticore skeletons
  4 elf zombies
  23 crocodiles
  3 big kobolds
  A komodo dragon zombie (Crypt:3)
  An elf simulacrum (Depths:4)
  An octopode zombie (Crypt:3)
  39 giant frogs
  A gnoll sergeant (D:12)
  A wyvern zombie (D:6)
  An elf skeleton (Hell)
  4 earth elementals
  A spiny frog simulacrum (Coc:7)
  A wyvern skeleton (D:9)
  A water moccasin skeleton (D:6)
  2 troll zombies (D:9)
  4 spriggan zombies
  5 scorpions
  14 killer bees
  10 wights
  A troll skeleton (Crypt:2)
  An electric eel (Lair:8)
  2 howler monkeys
  19 crimson imps
  2 wasp zombies
  17 jellies
  A black bear zombie (Crypt:2)
  A centaur zombie (D:8)
  5 hounds
  3 quasits
  35 orc priests
  13 iron imps
  3 giant frog skeletons
  A human skeleton (Crypt:1)
  5 iguanas
  8 centaur skeletons
  7 hell rats (Hell)
  31 orc wizards
  10 worker ants
  A lightning spire (Zig:12)
  2 killer bee zombies
  38 sheep
  2 ogre zombies (D:9)
  A crocodile skeleton (Crypt:3)
  A hound skeleton (D:7)
  69 mummies
  3 worker ant zombies
  2 howler monkey skeletons
  15 adders
  10 gnolls
  65 river rats
  12 shadow imps
  A steam dragon skeleton (Crypt:2)
  24 white imps
  6 ufetubi
  An ooze (D:2)
  A sheep zombie (Crypt:3)
  An adder skeleton (Crypt:3)
  A ball lightning (Pan)
  A dart slug (D:2)
  3 worms
  7 giant geckos
  108 orcs
  6 giant cockroaches
  9 goblins
  7 hobgoblins
  A hobgoblin (shapeshifter) (Vaults:5)
  4 jackals (D:8)
  8 quokkas
  3 ball pythons
  4 bats
  A giant cockroach zombie (Crypt:1)
  2 giant gecko skeletons
  A giant newt (D:1)
  A giant newt skeleton (Crypt:1)
  5 goblin zombies
  3 hobgoblin zombies (D:9)
  A jackal skeleton (Crypt:1)
  19 kobolds
  3 orc skeletons (D:9)
  10 orc zombies
  A quokka zombie (D:6)
  13 rats
  A block of ice (Pan)
  8 crawling corpses
  3 fire vortices
  6 fungi
  A lurking horror (Abyss:3)
  17 plants
  4 starspawn tentacles
5391 creatures vanquished.

Vanquished Creatures (others)
  An ancient lich (Zot:3)
  A golden dragon (Zot:5)
  A tentacled monstrosity (Zot:3)
  2 deep elf master archers (Elf:3)
  A tengu reaver (Depths:4)
  An Executioner (Pan)
  A storm dragon (Zot:2)
  A revenant (Tomb:2)
  An azure jelly (shapeshifter) (Vaults:5)
  A draconian knight (Zot:2)
  A draconian scorcher (Zot:4)
  An iron dragon (Hell)
  A reaper (Pan)
  A war gargoyle (Dis:7)
  A very ugly thing (Vaults:5)
  2 stone giants (Depths:1)
  A green draconian (Zot:3)
  Nessos (Lair:8)
  2 spark wasps
  A blizzard demon (Pan)
  2 vault guards (Vaults:5)
  A death ooze (Slime:6)
  A minotaur (shapeshifter) (Elf:3)
  3 fire dragons
  A jiangshi (Crypt:1)
  A yaktaur captain (Vaults:5)
  An anaconda (Snake:4)
  3 centaur warriors
  An ogre mage (Depths:1)
  3 alligators
  A dancing weapon (Elf:2)
  A soul eater (Pan)
  4 naga sharpshooters
  A sun demon (Pan)
  An iron troll (Depths:1)
  3 deep elf knights
  35 death scarabs (Tomb:2)
  3 skeletal warriors
  An anaconda zombie (Tomb:3)
  A shadow wraith (Vaults:3)
  2 deep trolls
  7 deep elf archers
  An ironbrand convoker (Vaults:1)
  An anubis guard (Tomb:1)
  A mana viper (Snake:1)
  A necromancer (D:14)
  A harpy (Vaults:3)
  2 cyclopes (D:14)
  A fire giant zombie (Dis:7)
  A moth of wrath (Zot:1)
  An ugly thing (Vaults:3)
  2 black mambas
  3 naga magi
  A smoke demon (Pan)
  2 orange demons
  14 yaktaurs
  A freezing wraith (Tar:7)
  An efreet (Abyss:1)
  A hellwing (Pan)
  An ice devil (Dis:5)
  A guardian mummy (Zig:12)
  2 trolls
  A two-headed ogre (Orc:2)
  2 bog bodies
  An ushabti (Tomb:2)
  An ice dragon zombie (Dis:7)
  A spriggan zombie (Hell)
  2 redbacks
  4 flying skulls (Tomb:2)
  2 spriggans
  A yak (Lair:8)
  2 water elementals
  2 fire elementals (Zig:14)
  A shadow (D:14)
  A hippogriff (Lair:4)
  2 chaos spawn (Pan)
  A neqoxec (Pan)
  An insubstantial wisp (Swamp:4)
  A water moccasin (Lair:6)
  A hell hound (Dis:7)
  3 nagas
  5 orc warriors
  2 ogres
  A necrophage (Crypt:1)
  2 centaurs
  2 crocodiles
  A troll zombie (D:9)
  An orc priest (Orc:2)
  An iron imp (Dis:7)
  A small abomination (Abyss:2)
  A sheep (Lair:5)
  A mummy (Tomb:2)
  2 river rats
  2 ufetubi (IceCv)
  5 ball lightnings (Pan)
  A kobold (D:13)
  67 eldritch tentacle segments
  27 fungi
  11 lost souls
  A lurking horror (Abyss:3)
  11 plants
  9 starspawn tentacles
  49 starspawn tentacle segments (Abyss:2)
372 creatures vanquished.

Grand Total: 5763 creatures vanquished

Notes
Turn   | Place    | Note
--------------------------------------------------------------
     0 | D:1      | Ebgish the Formicid Fighter began the quest for the Orb.
     0 | D:1      | Reached XP level 1. HP: 18/18 MP: 1/1
   287 | D:1      | Reached XP level 2. HP: 14/24 MP: 2/2
   760 | D:2      | Found a glowing silver altar of Zin.
   760 | D:2      | Found a deep blue altar of Sif Muna.
   988 | D:2      | Reached XP level 3. HP: 29/29 MP: 3/3
  1164 | D:2      | Reached XP level 4. HP: 31/37 MP: 4/4
  1246 | D:2      | Reached skill level 1 in Throwing
  1456 | D:3      | Noticed removemottled's ghost (amateur VSAs)
  1470 | D:3      | Killed removemottled's ghost
  1470 | D:3      | Reached XP level 5. HP: 32/42 MP: 5/5
  1470 | D:3      | Reached XP level 6. HP: 37/48 MP: 6/6
  1571 | D:3      | Found a sacrificial altar of Ru.
  1617 | D:3      | Found a burning altar of Makhleb.
  1852 | D:3      | Found a glowing golden altar of the Shining One.
  1895 | D:3      | Became a worshipper of Ru the Awakened
  2280 | D:4      | Found a white marble altar of Elyvilon.
  2422 | D:4      | Found a staircase to the Ecumenical Temple.
  3158 | D:5      | Entered Level 5 of the Dungeon
  3211 | D:5      | Found an iron altar of Okawaru.
  3400 | D:5      | Gained mutation: You cannot be stealthy. [Ru sacrifice]
  3405 | D:5      | Noticed an ogre
  3408 | D:5      | Killed an ogre
  3408 | D:5      | Reached skill level 5 in Shields
  3408 | D:5      | Reached XP level 7. HP: 55/55 MP: 7/7
  3544 | D:5      | Reached skill level 1 in Evocations
  3648 | D:5      | Reached skill level 5 in Fighting
  3931 | D:6      | Reached XP level 8. HP: 62/62 MP: 7/9
  4154 | D:6      | Got a crude scale mail
  4165 | D:6      | Identified the +5 scale mail "Sieka" {Int+5 Dex+8} (You found it on level 6 of the Dungeon)
  4232 | D:6      | Reached skill level 5 in Armour
  4388 | D:6      | Reached skill level 5 in Axes
  4642 | D:6      | Found a burning altar of Makhleb.
  5122 | D:7      | Reached XP level 9. HP: 56/69 MP: 11/11
  5699 | D:8      | Gained mutation: You are hated by all. [Ru sacrifice]
  5699 | D:8      | Reached * piety under Ru
  6353 | D:8      | Found a staircase to the Lair.
  6383 | D:8      | Reached XP level 10. HP: 53/77 MP: 13/13
  6668 | D:8      | Found a shattered altar of Ashenzari.
  6914 | D:9      | Reached skill level 5 in Throwing
  7147 | D:9      | Reached skill level 5 in Evocations
  7837 | D:9      | Found a staircase to the Orcish Mines.
  8142 | D:9      | Found a sparkling altar of Nemelex Xobeh.
  8201 | D:9      | Gained mutation: You cannot read scrolls while threatened. [Ru sacrifice]
  8201 | D:9      | Reached ** piety under Ru
  8201 | D:9      | Reached *** piety under Ru
  8748 | D:10     | Entered Level 10 of the Dungeon
  8813 | D:10     | Reached XP level 11. HP: 85/85 MP: 8/14
 10133 | Lair:1   | Entered Level 1 of the Lair of Beasts
 10148 | Lair:1   | Found a dark tunnel.
 10213 | Lair:1   | Reached skill level 10 in Axes
 10243 | Lair:1   | Found a labyrinth entrance.
 10252 | Lab      | Entered a labyrinth
 10259 | Lab      | Gained mutation: You cannot train Dodging skill. [Ru sacrifice]
 10259 | Lab      | Reached **** piety under Ru
 10646 | Lab      | Noticed a minotaur
 10654 | Lab      | Killed a minotaur
 10658 | Lab      | Got a twisted cloak
 10723 | Lair:1   | Identified the +5 cloak of Ydykufog {-Cast rC++ Str+2 SInv} (You found it in a labyrinth)
 11451 | Lair:1   | Reached XP level 12. HP: 89/94 MP: 15/15
 11651 | Lair:2   | Got a wavering iron ring
 11653 | Lair:2   | Identified the ring "Filotwea" {SustAt +Fly Str+4} (You found it on level 2 of the Lair of Beasts)
 11857 | Lair:2   | Reached skill level 10 in Shields
 12026 | Lair:2   | Gained mutation: You are missing an eye, making it more difficult to aim. [Ru sacrifice]
 12026 | Lair:2   | Reached ***** piety under Ru
 13519 | Lair:4   | Noticed a five-headed hydra
 13530 | Lair:4   | Killed a six-headed hydra
 14003 | Lair:4   | Reached skill level 10 in Fighting
 14198 | Lair:4   | Noticed a six-headed hydra
 14264 | Lair:4   | Killed a six-headed hydra
 14264 | Lair:4   | Reached skill level 10 in Armour
 14690 | Lair:5   | Found a staircase to the Snake Pit.
 14707 | Lair:5   | Reached XP level 13. HP: 98/103 MP: 16/16
 14857 | Lair:5   | Noticed Maud
 14869 | Lair:5   | Killed Maud
 14907 | Lair:5   | Noticed an eight-headed hydra
 15001 | Lair:5   | Got a bloodstained great sword
 15002 | Lair:5   | Identified the +9 great sword of Judgement {slice, MR+ Str+3} (You found it on level 5 of the Lair of Beasts)
 15149 | Lair:5   | Noticed a four-headed hydra
 15178 | Lair:5   | Killed an 11-headed hydra
 15651 | Lair:5   | Gained mutation: You are partially covered in thin metallic scales (AC +2). [potion of mutation]
 15651 | Lair:5   | Gained mutation: You have large cloven feet. [potion of mutation]
 15651 | Lair:5   | Gained mutation: You are agile. (Dex +2) [potion of mutation]
 15652 | Lair:5   | Gained mutation: Your mind is acute. (Int +2) [potion of mutation]
 15827 | Lair:5   | Noticed a five-headed hydra
 15838 | Lair:6   | Found a staircase to the Swamp.
 15964 | Lair:6   | Found a dark tunnel.
 15974 | Volcano  | Entered a volcano
 16969 | Lair:6   | Noticed a five-headed hydra
 16976 | Lair:6   | Killed a one-headed hydra
 17364 | Lair:5   | Killed a one-headed hydra
 17570 | Lair:6   | Identified a scroll of acquirement
 18498 | Lair:7   | Noticed a six-headed hydra
 18507 | Lair:7   | Killed a four-headed hydra
 18507 | Lair:7   | Reached XP level 14. HP: 82/113 MP: 17/17
 19073 | Lair:7   | Gained mutation: You are partially covered in iridescent scales (AC +4). [potion of beneficial mutation]
 19462 | Lair:7   | Noticed Kirke
 19513 | Lair:7   | Killed Kirke
 20077 | Lair:8   | Entered Level 8 of the Lair of Beasts
 20077 | Lair:8   | Found a staircase to the Slime Pits.
 20077 | Lair:8   | Found a viscous altar of Jiyva.
 20077 | Lair:8   | Noticed Fv001's ghost (journeyman DsFi)
 20114 | Lair:8   | Killed Fv001's ghost
 20342 | Lair:8   | Found a frozen archway.
 20349 | IceCv    | Entered an ice cave
 21151 | Lair:8   | Reached XP level 15. HP: 121/121 MP: 18/18
 21310 | Lair:8   | Noticed Nessos
 21318 | Lair:8   | Killed Nessos
 21432 | Lair:8   | Reached skill level 15 in Axes
 22690 | D:11     | You fall through a shaft for 3 floors!
 23129 | D:12     | Noticed Snorg
 23174 | D:12     | Killed Snorg
 23703 | D:11     | Found Doxuvut's General Store.
 23705 | D:11     | Lost mutation: You are agile. (Dex +2) [Ru sacrifice]
 23705 | D:11     | Gained mutation: You are clumsy. (Dex -2) [Ru sacrifice]
 23715 | D:11     | Bought 2 potions of heal wounds for 160 gold pieces
 23715 | D:11     | Bought a potion of resistance for 160 gold pieces
 24580 | D:12     | Found a blossoming altar of Fedhas.
 25573 | D:13     | Found a burning altar of Makhleb.
 26118 | D:13     | Reached XP level 16. HP: 131/131 MP: 19/19
 26530 | D:14     | Noticed a fire giant
 26542 | D:14     | Killed a fire giant
 27022 | D:14     | Found a gate to the Vaults.
 27942 | Orc:1    | Entered Level 1 of the Orcish Mines
 27969 | Orc:1    | Noticed Erica
 27976 | Orc:1    | Killed Erica
 27979 | Orc:1    | Noticed Nergalle
 27983 | Orc:1    | Killed Nergalle
 28211 | Orc:1    | Gained mutation: You cannot study or cast Earth magic. [Ru sacrifice]
 28211 | Orc:1    | Gained mutation: You cannot study or cast Transmutations magic. [Ru sacrifice]
 28211 | Orc:1    | Gained mutation: You cannot study or cast Summoning magic. [Ru sacrifice]
 28211 | Orc:1    | Reached ****** piety under Ru
 28786 | Orc:2    | Entered Level 2 of the Orcish Mines
 29224 | Orc:2    | Found Teuschoe's Distillery.
 29233 | Orc:2    | Bought a potion of curing for 39 gold pieces
 29233 | Orc:2    | Bought a potion of curing for 39 gold pieces
 29233 | Orc:2    | Bought a potion of agility for 52 gold pieces
 29233 | Orc:2    | Bought a potion of resistance for 130 gold pieces
 29233 | Orc:2    | Bought a potion of heal wounds for 65 gold pieces
 29233 | Orc:2    | Bought 2 potions of might for 104 gold pieces
 29243 | Orc:2    | Found a roughly hewn altar of Beogh.
 29344 | Orc:2    | Found Xoduonai's Gadget Shoppe.
 29691 | Orc:2    | Got a warped arbalest
 29692 | Orc:2    | Identified the +2 arbalest of Qitogh {penet, rN++ Str+4} (You found it on level 2 of the Orcish Mines)
 29908 | Orc:2    | Found a staircase to the Elven Halls.
 30055 | Orc:2    | Found a roughly hewn altar of Beogh.
 30277 | Orc:2    | Found Ycaotiar's General Store.
 30303 | Orc:2    | Bought a potion of cancellation for 88 gold pieces
 30303 | Orc:2    | Bought a scroll of identify for 22 gold pieces
 30322 | Orc:2    | Found Sam Buus's Antique Weapon Emporium.
 30389 | Orc:2    | Reached skill level 15 in Shields
 30573 | Orc:2    | Reached XP level 17. HP: 139/139 MP: 20/20
 31155 | Swamp:1  | Entered Level 1 of the Swamp
 31748 | Swamp:1  | Noticed Aizul
 31759 | Swamp:1  | Killed Aizul
 32074 | Swamp:2  | Noticed Jorgrun
 32093 | Swamp:2  | Noticed a thorn hunter
 32098 | Swamp:2  | Killed Jorgrun
 32100 | Swamp:2  | Killed a thorn hunter
 32982 | Swamp:3  | Noticed Mara
 32987 | Swamp:3  | Noticed Ebgish's illusion
 33009 | Swamp:3  | HP: 6/140 [Mara (illusionary)/nerve-wracking pain (14)]
 33014 | Swamp:3  | HP: 5/140 [poisoned by Mara]
 33030 | Swamp:4  | Entered Level 4 of the Swamp
 33441 | Swamp:3  | Noticed Ebgish's illusion
 33547 | Swamp:3  | Noticed Ebgish's illusion
 34123 | Swamp:4  | Noticed a thorn hunter
 34137 | Swamp:4  | Killed a thorn hunter
 34878 | Swamp:4  | Reached XP level 18. HP: 126/148 MP: 21/21
 35254 | Swamp:4  | Reached skill level 15 in Fighting
 35391 | Swamp:4  | Got a decaying rune of Zot
 36145 | Snake:1  | Entered Level 1 of the Snake Pit
 36415 | Snake:1  | Noticed Louise
 36450 | Snake:1  | Killed Louise
 36450 | Snake:1  | Reached skill level 15 in Armour
 36630 | Snake:1  | Noticed Nikola
 36645 | Snake:1  | Killed Nikola
 36683 | Snake:1  | Found an iron altar of Okawaru.
 36781 | Snake:1  | Noticed Josephine
 36786 | Snake:1  | Killed Josephine
 38390 | Snake:3  | Got an ichor-stained cloak
 38401 | Snake:3  | Identified the +3 cloak of Cowardice {rPois Str+10 Int+3 Slay-4} (You found it on level 3 of the Snake Pit)
 38759 | Snake:3  | Reached XP level 19. HP: 153/157 MP: 22/22
 38826 | Snake:3  | Noticed Norris
 38852 | Snake:3  | Killed Norris
 39709 | Snake:4  | Entered Level 4 of the Snake Pit
 41293 | Snake:4  | Reached XP level 20. HP: 157/166 MP: 23/23
 42345 | Snake:4  | Got a serpentine rune of Zot
 42901 | Vaults:1 | Entered Level 1 of the Vaults
 43737 | Vaults:1 | Found a blossoming altar of Fedhas.
 43943 | Vaults:1 | Found Rauleng's Assorted Antiques.
 43952 | Vaults:1 | Identified the Volume of Toxins and Talismans
 44318 | Vaults:1 | Reached XP level 21. HP: 174/174 MP: 24/24
 45052 | Vaults:2 | Noticed a Tzitzimitl
 45583 | Vaults:2 | Found Tananim's Food Shop.
 46313 | Vaults:3 | Upgraded the game from 0.18-a0-1773-gec4f98e to 0.18-a0-1774-gce1f7b6
 46934 | Vaults:3 | Got a smoking bardiche
 46935 | Vaults:3 | Identified the +6 bardiche "Eskigho" {drain, rF++ Str+3 Stlth+} (You found it on level 3 of the Vaults)
 47003 | Vaults:3 | Found a staircase to the Crypt.
 47466 | Vaults:3 | Reached XP level 22. HP: 181/183 MP: 25/25
 48161 | Vaults:4 | Cast into level 3 of the Abyss (a deep elf demonologist)
 48293 | Vaults:4 | Escaped the Abyss
 49602 | Elf:1    | Entered Level 1 of the Elven Halls
 50494 | Elf:1    | Found a radiant altar of Vehumet.
 51195 | Elf:2    | Reached XP level 23. HP: 186/192 MP: 26/26
 51389 | Elf:2    | Found a runed gate.
 51389 | Elf:2    | Found a runed gate.
 51389 | Elf:2    | Found a runed gate.
 52009 | Elf:3    | Entered Level 3 of the Elven Halls
 52072 | Elf:3    | Found a gateway to a bazaar.
 52080 | Bazaar   | Entered a bazaar
 52080 | Bazaar   | Found Futtidd's Antique Armour Shop.
 52106 | Bazaar   | Found Bikocvim's General Store.
 52116 | Bazaar   | Bought a scroll of identify for 18 gold pieces
 52122 | Bazaar   | Bought a +1 pair of boots of flying for 148 gold pieces
 52139 | Bazaar   | Found Ideimiad's Antique Weapon Shop.
 52364 | Elf:3    | Found a portal to a secret trove of treasure.
 53365 | Elf:3    | Cast into level 2 of the Abyss (a deep elf sorcerer)
 53676 | Abyss:2  | Gained mutation: Scrolls take you a little longer to read. [a neqoxec]
 53683 | Abyss:2  | Found a blossoming altar of Fedhas.
 53695 | Elf:3    | Escaped the Abyss
 54159 | Elf:3    | Reached XP level 24. HP: 111/201 MP: 26/26
 54277 | Elf:3    | HP: 10/201 [deep elf annihilator/crystal spear (40)]
 54280 | Elf:3    | Got a steaming iron ring
 55014 | Elf:3    | Got a scintillating emerald amulet
 55020 | Elf:3    | Identified the amulet "Olimoin" {Dismiss MP+9 SInv} (You took it off a deep elf high priest on level 3 of the Elven Halls)
 55023 | Elf:3    | Identified the ring of Quotek {rF++ rC+ MR- Int+2 Stlth+} (You took it off a deep elf annihilator on level 3 of the Elven Halls)
 55113 | Elf:3    | Got a pair of smoking gloves
 55124 | Elf:3    | Identified the +2 pair of gloves of the Engineer {Str+3} (You found it on level 3 of the Elven Halls)
 55718 | D:15     | Entered Level 15 of the Dungeon
 55722 | D:15     | Found a staircase to the Depths.
 55946 | D:15     | Noticed Roxanne
 56603 | D:15     | Killed Roxanne
 56605 | D:15     | Identified Roxanne's Incunabulum of Transmigration (You took it off Roxanne on level 15 of the Dungeon)
 56692 | Depths:1 | Entered Level 1 of the Depths
 56803 | Depths:1 | Found Wamupryi's Assorted Antiques.
 56872 | Depths:1 | Bought a spiked cloak for 399 gold pieces
 56872 | Depths:1 | Bought a brightly glowing plate armour for 1176 gold pieces
 56872 | Depths:1 | Bought a scroll of identify for 84 gold pieces
 56874 | Depths:1 | Identified the cursed +0 cloak of Happiness {*Confuse MR- Regen+ Stlth+} (You bought it in a shop on level 1 of the Depths)
 56879 | Depths:1 | Identified the +8 plate armour of the Dropbear {rN+ Int+3 Dex+4} (You bought it in a shop on level 1 of the Depths)
 56979 | Depths:1 | Found a gateway to Hell.
 57171 | Depths:1 | Found a bloodstained altar of Trog.
 57234 | Depths:1 | Found Heugatai's General Store.
 57242 | Depths:1 | Bought a potion of heal wounds for 75 gold pieces
 57242 | Depths:1 | Bought a potion of heal wounds for 75 gold pieces
 57251 | Depths:1 | Found Furideel's General Store.
 57353 | Depths:1 | Found Etsit's Weapon Shoppe.
 57647 | Depths:2 | Noticed a golden dragon
 57663 | Depths:2 | Killed a golden dragon
 58060 | Depths:2 | Reached XP level 25. HP: 181/210 MP: 26/26
 58598 | Depths:3 | Noticed an iron giant
 58621 | Depths:3 | Killed an iron giant
 59252 | Depths:3 | Found a one-way gate leading to the halls of Pandemonium.
 59360 | Depths:3 | Identified the Tome of Freezing Sinister Secrets
 60422 | Depths:4 | Found a one-way gate to the infinite horrors of the Abyss.
 61310 | Depths:4 | Reached XP level 26. HP: 219/219 MP: 26/26
 61384 | Depths:4 | Got a transparent turquoise ring
 61463 | Depths:5 | Entered Level 5 of the Depths
 61563 | Depths:5 | Found a gateway to a ziggurat.
 62215 | Depths:5 | Found a gate to the Realm of Zot.
 62267 | Depths:5 | Identified the ring "Ynwocab" {Fire Fragile +Blink Str+2} (You took it off a fire giant on level 4 of the Depths)
 62302 | Depths:5 | Found Ofeor's Food Shoppe.
 63284 | Lair:1   | Got a pair of brightly glowing gloves
 63287 | Lair:1   | Identified the +2 pair of gloves "Duteam" {Regen+ Str+7 Stlth-} (You acquired it on level 1 of the Lair of Beasts)
 63472 | Orc:2    | Bought a +4 ring of intelligence for 297 gold pieces
 63773 | Depths:1 | Bought an uncursed ring of wizardry for 600 gold pieces
 63935 | Vaults:1 | Bought the +4 skin of Zhor {rC+++} for 1682 gold pieces
 64311 | Elf:3    | You paid a toll of the skin of Zhor to enter a treasure trove
 64312 | Trove    | Entered a treasure trove
 64319 | Trove    | Got a shimmering ring mail
 64321 | Trove    | Got a pair of heavily runed gloves
 64323 | Trove    | Got a pair of fine boots
 64331 | Trove    | Got a steaming large shield
 64335 | Trove    | Got a steaming cloak
 64354 | Trove    | Got a dazzling mottled dragon armour
 64357 | Trove    | Identified the +9 mottled dragon armour of the Thirteen Orbs {+Inv Str+6 Int-3} (You found it in a treasure trove)
 64377 | Elf:3    | Identified the cursed +1 ring mail of Siniemy {rElec rC++ rN+ SInv} (You found it in a treasure trove)
 64387 | Elf:3    | Identified the +0 pair of gloves of the Barber Surgeon {MR+ Dex-3 SInv Stlth+} (You found it in a treasure trove)
 64403 | Elf:3    | Identified the +6 large shield "Eppefuar" {rC+} (You found it in a treasure trove)
 64413 | Elf:3    | Identified the +2 pair of boots of the Pits of Slime {Int+3} (You found it in a treasure trove)
 64429 | Elf:3    | Identified the +2 cloak of the Vaults {rElec} (You found it in a treasure trove)
 65068 | Crypt:1  | Entered Level 1 of the Crypt
 65071 | Crypt:1  | Noticed Jory
 65081 | Crypt:1  | Killed Jory
 65732 | Crypt:1  | Reached XP level 27. HP: 203/228 MP: 26/26
 67253 | Crypt:3  | Entered Level 3 of the Crypt
 67283 | Crypt:3  | Noticed Xtahua
 67292 | Crypt:3  | Killed Xtahua
 67355 | Crypt:3  | Found a staircase to the Tomb.
 67559 | Crypt:3  | Got a translucent lead ring
 67650 | Crypt:3  | Noticed an ancient lich
 67690 | Crypt:3  | Killed an ancient lich
 67697 | Crypt:3  | Identified Boleloyqe's Handbook of Stolen Souls (You found it on level 3 of the Crypt)
 67702 | Crypt:3  | Got a smoking cloak
 67714 | Crypt:3  | Identified the +2 cloak "Anerir" {MP-9 Str+3 Dex+4 Stlth+} (You found it on level 3 of the Crypt)
 67717 | Crypt:3  | Identified the cursed ring "Tutetsiq" {rElec rPois Int+2 Dex-3} (You took it off a skeletal warrior on level 3 of the Crypt)
 68792 | Slime:1  | Entered Level 1 of the Pits of Slime
 68891 | Slime:2  | Lost mutation: Your mind is acute. (Int +2) [a shining eye]
 68892 | Slime:2  | Gained mutation: You are dopey. (Int -2) [a shining eye]
 69069 | Slime:6  | Entered Level 6 of the Pits of Slime
 69094 | Slime:6  | Gained mutation: You are very clumsy. (Dex -4) [a shining eye]
 69097 | Slime:6  | Gained mutation: Your body sometimes deteriorates upon taking damage. [a shining eye]
 69195 | Slime:6  | Noticed the Royal Jelly
 69216 | Slime:6  | Killed the Royal Jelly
 69431 | Slime:6  | Got a vibrating jade ring
 69513 | Slime:6  | Got a steaming crystal amulet
 69545 | Slime:6  | Got a slimy rune of Zot
 69560 | Slime:6  | Identified the Volume of Frigorific Transmigration
 69563 | Slime:6  | Identified the amulet of Loni {Harm *Drain *Confuse Str+5 Int+5} (You found it on level 6 of the Pits of Slime)
 69566 | Slime:6  | Identified the ring "Foecuir" {MR+ Int+4 Dex+3 Slay+3} (You found it on level 6 of the Pits of Slime)
 69853 | Lair:1   | Got a dazzling plate armour
 69856 | Lair:1   | Identified the +8 plate armour of the Wild Haggis {Str+2 SInv} (You acquired it on level 1 of the Lair of Beasts)
 70268 | Vaults:5 | Entered Level 5 of the Vaults
 70565 | Vaults:5 | Reached skill level 27 in Axes
 70577 | Vaults:5 | Reached skill level 1 in Spellcasting
 70762 | Vaults:5 | Noticed Frederick
 70780 | Vaults:5 | Killed Frederick
 70883 | Vaults:5 | Got a silver rune of Zot
 71067 | Vaults:5 | Found Ivibo's Assorted Antiques.
 71612 | Vaults:5 | Got a pair of encrusted boots
 71623 | Vaults:5 | Identified the +2 pair of boots of Pyolaamy {rPois Str+8 SInv Stlth-} (You found it on level 5 of the Vaults)
 71910 | Vaults:5 | Got a pitted cloak
 71921 | Vaults:5 | Identified the -2 cloak "Muigusu" {rF- rC++ Int-2 Slay+3} (You found it on level 5 of the Vaults)
 72284 | Zot:1    | Entered Level 1 of the Realm of Zot
 72446 | Zot:1    | Got a scorched jade ring
 72460 | Zot:1    | Identified the ring of Hospitality {Wiz rPois MP-9 Str+8 Slay+4} (You found it on level 1 of the Realm of Zot)
 72929 | Zot:1    | Reached skill level 5 in Spellcasting
 75178 | Zot:3    | Noticed an orb of fire
 75179 | Zot:3    | Gained mutation: Your body often deteriorates upon taking damage. [an orb of fire]
 75180 | Zot:3    | Gained mutation: Your magical capacity is low (-10% MP). [an orb of fire]
 76166 | Depths:4 | Voluntarily entered the Abyss.
 76567 | Abyss:3  | Got an abyssal rune of Zot
 76573 | Depths:4 | Escaped the Abyss
 77040 | Zot:3    | Lost mutation: You are very clumsy. (Dex -4) [an orb of fire]
 77049 | Zot:3    | Killed an orb of fire
 77141 | Zot:3    | Noticed an ancient lich
 77145 | Zot:3    | Killed an ancient lich
 77259 | Zot:3    | Reached skill level 10 in Evocations
 77906 | Zot:4    | Noticed an orb of fire
 77914 | Zot:4    | Killed an orb of fire
 79199 | Zot:5    | Entered Level 5 of the Realm of Zot
 80086 | Lair:1   | Gained mutation: Your muscles are strong. (Str +2) [potion of beneficial mutation]
 80105 | Lair:1   | Learned a level 1 spell: Apportation
 80108 | Lair:1   | Learned a level 2 spell: Repel Missiles
 80112 | Lair:1   | Learned a level 3 spell: Regeneration
 80340 | Hell     | Entered the Vestibule of Hell
 80342 | Hell     | Noticed Geryon
 80365 | Hell     | Killed Geryon
 80542 | Hell     | Found a gateway to the freezing wastes of Cocytus.
 80652 | Hell     | Found a gateway to the Iron City of Dis.
 80732 | Hell     | Found a gateway to the ashen valley of Gehenna.
 80828 | Hell     | Found a gateway to the decaying netherworld of Tartarus.
 81132 | Zig:1    | Entered Level 1 of a ziggurat
 81194 | Zig:2    | Entered Level 2 of a ziggurat
 81234 | Zig:3    | Entered Level 3 of a ziggurat
 81237 | Zig:3    | Noticed a juggernaut
 81248 | Zig:3    | Killed a juggernaut
 81278 | Zig:4    | Entered Level 4 of a ziggurat
 81297 | Zig:4    | Reached skill level 10 in Spellcasting
 81307 | Zig:5    | Entered Level 5 of a ziggurat
 81352 | Zig:5    | Identified Sif Muna's Volume of Good Luck
 81361 | Zig:6    | Entered Level 6 of a ziggurat
 81447 | Zig:7    | Entered Level 7 of a ziggurat
 81454 | Zig:7    | Noticed Kiqav the pandemonium lord
 81478 | Zig:7    | Killed Kiqav the pandemonium lord
 81495 | Zig:7    | Reached skill level 5 in Charms
 81504 | Zig:8    | Entered Level 8 of a ziggurat
 81511 | Zig:8    | Noticed a greater mummy
 81521 | Zig:8    | Killed a greater mummy
 81808 | Zig:9    | Entered Level 9 of a ziggurat
 81869 | Zig:9    | Got a pair of jewelled gloves
 81872 | Zig:9    | Identified the +2 pair of gloves of Benevolence {rElec rF- rN+} (You acquired it on level 9 of a ziggurat)
 81909 | Zig:10   | Entered Level 10 of a ziggurat
 81958 | Zig:10   | Got a pitted silver ring
 81962 | Zig:10   | Identified the ring "Zufaloos" {rF+ Str-2 Dex+2 SInv} (You found it on level 10 of a ziggurat)
 81969 | Zig:10   | Identified Qeitolim's Reference Book on Helpful Translocation
 82088 | Zig:11   | Entered Level 11 of a ziggurat
 82130 | Zig:11   | Got a warped wooden ring
 82133 | Zig:11   | Identified the ring "Huluolyn" {rF- rC+ Dex+3 Slay+3} (You found it on level 11 of a ziggurat)
 82166 | Zig:11   | Got a clouded bronze ring
 82169 | Zig:11   | Identified the ring "Ympalum" {rElec Dex+7 SInv} (You found it on level 11 of a ziggurat)
 82176 | Zig:12   | Entered Level 12 of a ziggurat
 82183 | Zig:12   | Noticed a greater mummy
 82186 | Zig:12   | Noticed a greater mummy
 82188 | Zig:12   | Reached skill level 27 in Shields
 82202 | Zig:12   | Killed a greater mummy
 82212 | Zig:12   | Killed a greater mummy
 82489 | Zig:13   | Entered Level 13 of a ziggurat
 82497 | Zig:13   | Noticed a greater mummy
 82498 | Zig:13   | Noticed a greater mummy
 82505 | Zig:13   | Killed a greater mummy
 82518 | Zig:13   | Killed a greater mummy
 82534 | Zig:13   | Reached skill level 5 in Necromancy
 82541 | Zig:13   | Got a smoking iron ring
 82544 | Zig:13   | Identified the ring of Pineaw {*Contam +Blink rElec SInv Stlth+} (You found it on level 13 of a ziggurat)
 82727 | Zig:13   | Got a jewelled broad axe
 82728 | Zig:13   | Identified the +8 broad axe "Usoannar" {chop, Dex+2} (You found it on level 13 of a ziggurat)
 82744 | Zig:14   | Entered Level 14 of a ziggurat
 82820 | Zig:14   | Identified the Almanac of Talismans and Lightness
 82832 | Zig:14   | Identified the Compendium of the Entourage and Good Luck
 82853 | Zig:15   | Entered Level 15 of a ziggurat
 82860 | Zig:15   | Noticed a greater mummy
 82863 | Zig:15   | Noticed a greater mummy
 82864 | Zig:15   | Noticed a greater mummy
 82866 | Zig:15   | Noticed a greater mummy
 82869 | Zig:15   | Noticed a greater mummy
 82877 | Zig:15   | Killed a greater mummy
 82880 | Zig:15   | Killed a greater mummy
 82896 | Zig:15   | Killed a greater mummy
 82896 | Zig:15   | Reached skill level 27 in Armour
 82909 | Zig:15   | Killed a greater mummy
 82914 | Zig:15   | Killed a greater mummy
 83169 | Zig:15   | Got a scorched jade ring
 83172 | Zig:15   | Identified the ring "Nisut" {+Fly rElec rC+ Str+2 Dex+4} (You found it on level 15 of a ziggurat)
 83189 | Zig:15   | Got a slimy wooden ring
 83192 | Zig:15   | Identified the ring "Oshriok" {rCorr MP+9} (You found it on level 15 of a ziggurat)
 83512 | Lair:1   | Learned a level 2 spell: Swiftness
 83571 | Lair:1   | Noticed Ebgish's illusion
 83590 | Lair:1   | Noticed Beinn the pandemonium lord
 83991 | Vaults:5 | Bought the macabre finger necklace {rN+} for 878 gold pieces
 84603 | Tar:1    | Entered Level 1 of Tartarus
 84611 | Tar:1    | You fall through a shaft!
 84614 | Tar:2    | You fall through a shaft!
 84617 | Tar:3    | You fall through a shaft for 2 floors!
 84621 | Tar:5    | You fall through a shaft!
 84624 | Tar:6    | You fall through a shaft!
 84624 | Tar:7    | Entered Level 7 of Tartarus
 84640 | Tar:7    | Reached skill level 1 in Fire Magic
 84646 | Tar:7    | Reached skill level 1 in Air Magic
 84827 | Tar:7    | Reached skill level 5 in Fire Magic
 85460 | Tar:7    | Identified the Volume of Displaced Heat (You found it on level 7 of Tartarus)
 85463 | Tar:7    | Identified Ulavekheg's Catalogue of Earthen Heat (You found it on level 7 of Tartarus)
 85490 | Tar:7    | Got a flickering wooden ring
 85503 | Tar:7    | Identified the ring of the Crown {Wiz rC- rN+ MR+ Int+3} (You found it on level 7 of Tartarus)
 85779 | Tar:7    | Reached skill level 10 in Fire Magic
 86224 | Tar:7    | Noticed Ereshkigal
 86231 | Tar:7    | Lost intelligence.
 86257 | Tar:7    | Killed Ereshkigal
 86294 | Tar:7    | Lost intelligence.
 86301 | Tar:7    | Lost mutation: Your body often deteriorates upon taking damage. [potion of cure mutation]
 86301 | Tar:7    | Lost mutation: You are dopey. (Int -2) [potion of cure mutation]
 86301 | Tar:7    | Lost mutation: Your magical capacity is low (-10% MP). [potion of cure mutation]
 86468 | Tar:7    | Reached skill level 27 in Fighting
 86470 | Tar:7    | Got a bone rune of Zot
 86499 | Tar:7    | Reached skill level 5 in Air Magic
 87014 | Tar:7    | Got a warped tin ring
 87025 | Tar:7    | Identified the ring of the Good {rF+ SInv} (You found it on level 7 of Tartarus)
 87081 | Tar:7    | Reached skill level 15 in Evocations
 88070 | Coc:1    | Entered Level 1 of Cocytus
 88074 | Coc:1    | You fall through a shaft!
 88123 | Coc:2    | You fall through a shaft!
 88126 | Coc:3    | You fall through a shaft for 3 floors!
 88131 | Coc:6    | You fall through a shaft!
 88131 | Coc:7    | Entered Level 7 of Cocytus
 88339 | Coc:7    | Noticed a shard shrike
 88348 | Coc:7    | Noticed a shard shrike
 88348 | Coc:7    | Noticed a shard shrike
 88362 | Coc:7    | Killed a shard shrike
 88371 | Coc:7    | Killed a shard shrike
 88384 | Coc:7    | Killed a shard shrike
 88439 | Coc:7    | Identified the Disquisition on Aerial Companions (You found it on level 7 of Cocytus)
 88484 | Coc:7    | Reached skill level 15 in Fire Magic
 88495 | Coc:7    | Noticed Antaeus
 88535 | Coc:7    | HP: 11/249 [elemental wellspring/great wave of water (2)]
 88538 | Coc:7    | Killed Antaeus
 88538 | Coc:7    | Reached skill level 10 in Necromancy
 88538 | Coc:7    | HP: 4/249 [something (3)]
 88557 | Coc:7    | Noticed a shard shrike
 88570 | Coc:7    | Killed a shard shrike
 88593 | Coc:7    | Got an icy rune of Zot
 88717 | Coc:7    | Reached skill level 10 in Charms
 88877 | Coc:7    | Reached skill level 10 in Throwing
 88889 | Coc:7    | Noticed a shard shrike
 88898 | Coc:7    | Killed a shard shrike
 89055 | Geh:1    | Entered Level 1 of Gehenna
 89107 | Geh:1    | You fall through a shaft!
 89110 | Geh:2    | You fall through a shaft for 2 floors!
 89113 | Geh:4    | You fall through a shaft for 2 floors!
 89116 | Geh:6    | You fall through a shaft!
 89116 | Geh:7    | Entered Level 7 of Gehenna
 89459 | Geh:7    | Got a pair of bloodstained boots
 89713 | Geh:7    | Noticed Asmodeus
 89722 | Geh:7    | Killed Asmodeus
 89728 | Geh:7    | Got an obsidian rune of Zot
 89730 | Geh:7    | Got a pair of faintly glowing boots
 89979 | Hell     | Identified the +1 pair of boots of Integrity {MR+} (You found it on level 7 of Gehenna)
 89989 | Hell     | Identified the +3 pair of boots of Lugempop {MR+ Str+5 SInv} (You found it on level 7 of Gehenna)
 89998 | Hell     | Upgraded the game from 0.18-a0-1774-gce1f7b6 to 0.18-a0-1781-g663d63a
 90026 | Dis:1    | Entered Level 1 of the Iron City of Dis
 90075 | Dis:2    | You fall through a shaft for 2 floors!
 90126 | Dis:5    | You fall through a shaft!
 90149 | Dis:6    | You fall through a shaft!
 90149 | Dis:7    | Entered Level 7 of the Iron City of Dis
 90334 | Dis:7    | Reached skill level 1 in Ice Magic
 90577 | Dis:7    | Reached skill level 5 in Ice Magic
 91059 | Dis:7    | Identified a +3 rod of shadows (13/13) (You found it on level 7 of the Iron City of Dis)
 91138 | Dis:7    | Noticed the Serpent of Hell
 91152 | Dis:7    | Killed the Serpent of Hell
 91207 | Dis:7    | Reached skill level 15 in Spellcasting
 91260 | Dis:7    | Noticed Dispater
 91284 | Dis:7    | Killed Dispater
 91284 | Dis:7    | Reached skill level 10 in Ice Magic
 91305 | Dis:7    | Got an iron rune of Zot
 91307 | Dis:7    | Got a warped plate armour
 91716 | Dis:7    | Identified the Compendium of Cold and Necromancy
 91727 | Dis:7    | Got a heavily runed marble ring
 92030 | Hell     | Identified the +3 plate armour of Viad {rCorr} (You found it on level 7 of the Iron City of Dis)
 92049 | Hell     | Identified the ring of Fisearch {rPois rC+ rN+ MR+} (You found it on level 7 of the Iron City of Dis)
 92075 | Hell     | Learned a level 6 spell: Bolt of Fire
 92426 | Pan      | Entered Pandemonium
 92640 | Pan      | Reached skill level 1 in Conjurations
 92875 | Pan      | Found an exit through the horrors of the Abyss.
 93721 | Pan      | Reached skill level 5 in Conjurations
 93909 | Pan      | Noticed Foraut the pandemonium lord
 93921 | Pan      | Killed Foraut the pandemonium lord
 93944 | Pan      | Found an exit through the horrors of the Abyss.
 94510 | Pan      | Noticed Gublur the pandemonium lord
 94534 | Pan      | Killed Gublur the pandemonium lord
 95140 | Pan      | Found an exit through the horrors of the Abyss.
 95353 | Pan      | Noticed Fietakh the pandemonium lord
 95372 | Pan      | Killed Fietakh the pandemonium lord
 95658 | Pan      | Got a demonic rune of Zot
 95961 | Pan      | Found an exit through the horrors of the Abyss.
 96021 | Pan      | Found an exit through the horrors of the Abyss.
 96200 | Pan      | Cast into level 1 of the Abyss (drawing a card)
 96236 | Pan      | Escaped the Abyss
 96403 | Pan      | Noticed Ynotoguc the pandemonium lord
 96410 | Pan      | Killed Ynotoguc the pandemonium lord
 97086 | Pan      | Noticed Wisaos the pandemonium lord
 97100 | Pan      | Killed Wisaos the pandemonium lord
 97445 | Pan      | Found an exit through the horrors of the Abyss.
 97944 | Pan      | Reached skill level 10 in Conjurations
 97947 | Pan      | Noticed Emoge the pandemonium lord
 97956 | Pan      | Killed Emoge the pandemonium lord
 97988 | Pan      | Gained mutation: You are frail (-10% HP). [a neqoxec]
 97992 | Pan      | Lost mutation: You are frail (-10% HP). [potion of cure mutation]
 97992 | Pan      | Lost mutation: You are partially covered in thin metallic scales (AC +2). [potion of cure mutation]
 97992 | Pan      | Lost mutation: Your body sometimes deteriorates upon taking damage. [potion of cure mutation]
 97992 | Pan      | Lost mutation: Your muscles are strong. (Str +2) [potion of cure mutation]
 97992 | Pan      | Lost mutation: You have large cloven feet. [potion of cure mutation]
 98100 | Pan      | Found an exit through the horrors of the Abyss.
 98109 | Pan      | Got a pair of faintly humming gloves
 98122 | Pan      | Identified the +1 pair of gloves of Space {rElec rPois Str+4} (You found it in Pandemonium)
 98532 | Pan      | Noticed Zuleo the pandemonium lord
 98547 | Pan      | Killed Zuleo the pandemonium lord
 98689 | Pan      | Gained mutation: Your body sometimes deteriorates upon taking damage. [a neqoxec]
 98753 | Pan      | Found an exit through the horrors of the Abyss.
 99857 | Pan      | Found an exit through the horrors of the Abyss.
 99885 | Pan      | Found a huge runed gate.
100314 | Pan      | Noticed Dudwiq Daer the pandemonium lord
100322 | Pan      | Killed Dudwiq Daer the pandemonium lord
100949 | Pan      | Found a runed door.
100960 | Pan      | Found a runed door.
100961 | Pan      | Found a runed door.
100964 | Pan      | Noticed Uferchal the pandemonium lord
101013 | Pan      | Killed Uferchal the pandemonium lord
101389 | Pan      | Found an exit through the horrors of the Abyss.
101664 | Pan      | Noticed Etiwelil the pandemonium lord
101683 | Pan      | Killed Etiwelil the pandemonium lord
101996 | Pan      | Found an exit through the horrors of the Abyss.
102190 | Pan      | Entered the realm of Cerebov.
102259 | Pan      | Found an exit through the horrors of the Abyss.
102707 | Pan      | Noticed Cerebov
102736 | Pan      | Reached skill level 15 in Throwing
102747 | Pan      | Killed Cerebov
102766 | Pan      | Got a translucent bone ring
102816 | Pan      | Got a fiery rune of Zot
103007 | Pan      | Identified a +0 pair of boots of running (You found it in Pandemonium)
103059 | Pan      | Identified a +3 rod of ignition (14/14) (You found it in Pandemonium)
103141 | Pan      | Identified the Tome of Changing
103173 | Pan      | Got a fine cloak
103184 | Pan      | Identified the +2 cloak of the Carpenter {Str+3} (You found it in Pandemonium)
103444 | Pan      | Upgraded the game from 0.18-a0-1781-g663d63a to 0.18-a0-1784-ga939a68
103562 | Pan      | Found an exit through the horrors of the Abyss.
103755 | Pan      | Gained mutation: Your body often deteriorates upon taking damage. [a cacodemon]
103957 | Pan      | Found a runed door.
104158 | Pan      | Noticed Lais the pandemonium lord
104183 | Pan      | Killed Lais the pandemonium lord
104408 | Pan      | Found a runed door.
104495 | Pan      | Noticed Teomp the pandemonium lord
104507 | Pan      | Killed Teomp the pandemonium lord
104698 | Pan      | Found an exit through the horrors of the Abyss.
104829 | Pan      | Entered the realm of Lom Lobon.
105094 | Pan      | Found an exit through the horrors of the Abyss.
105697 | Pan      | Noticed Lom Lobon
105720 | Pan      | Killed Lom Lobon
105734 | Pan      | Got a magical rune of Zot
105996 | Pan      | Noticed Yheusuvi the pandemonium lord
106014 | Pan      | Killed Yheusuvi the pandemonium lord
106173 | Pan      | Found an exit through the horrors of the Abyss.
106772 | Pan      | Found a runed door.
106912 | Pan      | Noticed Adiogime the pandemonium lord
106999 | Pan      | Killed Adiogime the pandemonium lord
107061 | Pan      | Found an exit through the horrors of the Abyss.
107197 | Pan      | Gained mutation: You occasionally shout uncontrollably at your foes. [a neqoxec]
107226 | Pan      | Lost mutation: Scrolls take you a little longer to read. [potion of cure mutation]
107226 | Pan      | Lost mutation: Your body often deteriorates upon taking damage. [potion of cure mutation]
107226 | Pan      | Lost mutation: You are partially covered in iridescent scales (AC +4). [potion of cure mutation]
107226 | Pan      | Lost mutation: Your body sometimes deteriorates upon taking damage. [potion of cure mutation]
107227 | Pan      | Lost mutation: You occasionally shout uncontrollably at your foes. [potion of cure mutation]
107446 | Pan      | Entered the realm of Gloorx Vloq.
107464 | Pan      | Identified the ring "Porac" {rPois rN+ Str-4 Dex+7} (You took it off a balrug in Pandemonium)
107610 | Pan      | Found an exit through the horrors of the Abyss.
107919 | Pan      | Reached skill level 15 in Charms
107931 | Pan      | Reached skill level 15 in Necromancy
107940 | Pan      | Noticed Gloorx Vloq
107960 | Pan      | Killed Gloorx Vloq
107960 | Pan      | Reached skill level 15 in Conjurations
108080 | Pan      | Got a dark rune of Zot
108277 | Pan      | Noticed Cuyrrot the pandemonium lord
108288 | Pan      | Killed Cuyrrot the pandemonium lord
108694 | Pan      | Found an exit through the horrors of the Abyss.
108968 | Pan      | Noticed Ygodomea the pandemonium lord
108977 | Pan      | Killed Ygodomea the pandemonium lord
109026 | Pan      | Found an exit through the horrors of the Abyss.
109295 | Pan      | Noticed Zoklunop the pandemonium lord
109349 | Pan      | Killed Zoklunop the pandemonium lord
109740 | Pan      | Found an exit through the horrors of the Abyss.
110152 | Pan      | Noticed Utzaseyl the pandemonium lord
110171 | Pan      | Gained mutation: You have an increased reservoir of magic (+10% MP). [a neqoxec]
110174 | Pan      | Killed Utzaseyl the pandemonium lord
110176 | Pan      | Gained mutation: You are resistant to hostile enchantments. [a neqoxec]
110229 | Pan      | Found an exit through the horrors of the Abyss.
110697 | Pan      | Entered the realm of Mnoleg.
110754 | Pan      | Lost intelligence.
110756 | Pan      | Lost mutation: You are resistant to hostile enchantments. [a cacodemon]
110798 | Pan      | Gained mutation: You are resistant to hostile enchantments. [a neqoxec]
110871 | Pan      | Noticed Mnoleg
110895 | Pan      | Killed Mnoleg
110919 | Pan      | Got a glowing rune of Zot
110965 | Pan      | Found an exit through the horrors of the Abyss.
110974 | Pan      | Took an exit into the Abyss.
110974 | Abyss:1  | Escaped into the Abyss
111050 | Depths:3 | Escaped the Abyss
111254 | Hell     | Learned a level 7 spell: Ring of Flames
111261 | Hell     | Learned a level 6 spell: Deflect Missiles
111306 | Hell     | Learned a level 8 spell: Borgnjor's Revivification
111307 | Hell     | Gained mutation: You are robust (+10% HP). [potion of beneficial mutation]
112114 | Tomb:1   | Entered Level 1 of the Tomb of the Ancients
112639 | Tomb:1   | Noticed a greater mummy
112646 | Tomb:1   | Killed a greater mummy
112658 | Tomb:1   | Noticed a greater mummy
112668 | Tomb:1   | Killed a greater mummy
112755 | Tomb:1   | Noticed a greater mummy
112776 | Tomb:1   | Killed a greater mummy
112946 | Tomb:2   | Noticed a greater mummy
112946 | Tomb:2   | Noticed an ancient lich
112946 | Tomb:2   | Noticed a greater mummy
112951 | Tomb:2   | Noticed a greater mummy
112951 | Tomb:2   | Killed an ancient lich
112956 | Tomb:2   | Killed a greater mummy
112958 | Tomb:2   | Killed a greater mummy
112964 | Tomb:2   | Killed a greater mummy
113146 | Tomb:1   | Noticed a greater mummy
113146 | Tomb:1   | Noticed a greater mummy
113146 | Tomb:1   | Noticed a greater mummy
113147 | Tomb:1   | Noticed a greater mummy
113148 | Tomb:1   | Noticed a greater mummy
113148 | Tomb:1   | Noticed a greater mummy
113148 | Tomb:1   | Noticed a greater mummy
113151 | Tomb:1   | Noticed a greater mummy
113155 | Tomb:1   | Killed a greater mummy
113156 | Tomb:1   | Noticed a greater mummy
113156 | Tomb:1   | Killed a greater mummy
113334 | Tomb:1   | Killed a greater mummy
113345 | Tomb:2   | Killed a greater mummy
113512 | Tomb:1   | Killed a greater mummy
113519 | Tomb:1   | Killed a greater mummy
113536 | Tomb:2   | Killed a greater mummy
113726 | Tomb:1   | Killed a greater mummy
113737 | Tomb:1   | Killed a greater mummy
113891 | Tomb:1   | Noticed a greater mummy
113892 | Tomb:1   | Noticed a greater mummy
113895 | Tomb:1   | Noticed a greater mummy
113896 | Tomb:1   | Noticed a greater mummy
113903 | Tomb:1   | Killed a greater mummy
113904 | Tomb:1   | Killed a greater mummy
113907 | Tomb:1   | Killed a greater mummy
113910 | Tomb:1   | Killed a greater mummy
113916 | Tomb:1   | Noticed a greater mummy
113931 | Tomb:1   | Killed a greater mummy
113934 | Tomb:1   | Noticed a greater mummy
113946 | Tomb:1   | Killed a greater mummy
114079 | Tomb:1   | Noticed a greater mummy
114090 | Tomb:1   | Killed a greater mummy
114197 | Tomb:1   | Noticed a greater mummy
114213 | Tomb:1   | Killed a greater mummy
114222 | Tomb:1   | Noticed a greater mummy
114231 | Tomb:1   | Killed a greater mummy
114378 | Tomb:1   | Noticed a greater mummy
114379 | Tomb:1   | Noticed a greater mummy
114381 | Tomb:1   | Noticed a greater mummy
114389 | Tomb:1   | Killed a greater mummy
114392 | Tomb:1   | Killed a greater mummy
114402 | Tomb:1   | Killed a greater mummy
114646 | Tomb:3   | Entered Level 3 of the Tomb of the Ancients
114658 | Tomb:3   | Noticed a greater mummy
114661 | Tomb:3   | Killed a greater mummy
114935 | Tomb:3   | Noticed a greater mummy
114939 | Tomb:3   | Noticed a greater mummy
114940 | Tomb:3   | Noticed a greater mummy
115192 | Tomb:3   | Noticed an ancient lich
115194 | Tomb:3   | Noticed a greater mummy
115194 | Tomb:3   | Noticed an ancient lich
115201 | Tomb:3   | Killed a greater mummy
115203 | Tomb:3   | Noticed a greater mummy
115211 | Tomb:3   | HP: 6/273 [mummy priest/divine providence (14)]
115217 | Tomb:2   | HP: 4/273 [ancient lich/crystal spear (56)]
115226 | Tomb:2   | Killed an ancient lich
115568 | Tomb:3   | Killed an ancient lich
115575 | Tomb:2   | Killed a greater mummy
115579 | Tomb:2   | Killed a greater mummy
115714 | Tomb:3   | Noticed Khufu
115723 | Tomb:3   | Killed a greater mummy
115724 | Tomb:3   | Killed a greater mummy
115725 | Tomb:3   | Killed Khufu
115902 | Tomb:3   | Got a flickering bone ring
115903 | Tomb:3   | Identified the ring "Vafrevef" {rC+ rN+ MP-9 SInv} (You found it on level 3 of the Tomb of the Ancients)
116107 | Tomb:3   | Got a golden rune of Zot
116202 | Tomb:3   | Identified the Reference Book on Unstable Protection (You found it on level 3 of the Tomb of the Ancients)
116209 | Tomb:3   | Identified Etzesoh's Sophisticated Magic
116222 | Tomb:3   | Identified the Compendium of the Voyage and Cold
116225 | Tomb:3   | Got a pitted golden ring
116226 | Tomb:3   | Identified the ring of Lelinaunu {+Inv MP-9 Str+8 Int+6 Dex-4} (You found it on level 3 of the Tomb of the Ancients)
116229 | Tomb:3   | Got a sparkling bronze ring
116230 | Tomb:3   | Identified the ring "Cakho" {Fire Dex+2} (You found it on level 3 of the Tomb of the Ancients)
116253 | Tomb:3   | Identified the Papyrus of Evil Arts and the Volcanoes
117127 | Hell     | Learned a level 8 spell: Death's Door
117368 | Zot:5    | Noticed an ancient lich
117380 | Zot:5    | Killed an ancient lich
117465 | Zot:5    | Noticed an orb of fire
117470 | Zot:5    | Lost mutation: You have an increased reservoir of magic (+10% MP). [an orb of fire]
117472 | Zot:5    | Noticed an ancient lich
117476 | Zot:5    | Killed an orb of fire
117477 | Zot:5    | Noticed an orb of fire
117482 | Zot:5    | Killed an ancient lich
117484 | Zot:5    | Gained mutation: Your body sometimes deteriorates upon taking damage. [an orb of fire]
117489 | Zot:5    | Killed an orb of fire
117638 | Zot:5    | Noticed an orb of fire
117652 | Zot:5    | Lost mutation: You are robust (+10% HP). [an orb of fire]
117653 | Zot:5    | Killed an orb of fire
117684 | Zot:5    | Noticed an orb of fire
117694 | Zot:5    | Killed an orb of fire
117699 | Zot:5    | Noticed an orb of fire
117713 | Zot:5    | Killed an orb of fire
117764 | Zot:5    | Got the Orb of Zot
118113 | Depths:2 | Noticed Silliw the pandemonium lord
118131 | Depths:2 | Killed Silliw the pandemonium lord
118241 | D:13     | Noticed Lixie the pandemonium lord
118454 | D:8      | Noticed Biowar the pandemonium lord
118463 | D:8      | Killed Biowar the pandemonium lord
118638 | D:$      | Escaped with the Orb!

Vault maps used:
D:1:      dpeg_arrival_shrine, hex_tiny, grunt_decor_resistance,
          grunt_decor_one_mirror
D:2:      gammafunk_temple_overflow_elements, first_bread
D:3:      tso_altar, overflow_temple_1_default, serial_bayou,
          serial_bayou_ford_a, serial_bayou_pond_c, serial_bayou_crossing,
          serial_bayou_shore_a, hangedman_glass_teeth, bloody_makhleb
D:4:      kennysheep_spiral_hall, elyvilon_altar_4,
          minmay_temple_entry_enclosed_plants, serial_glass, glass_columns_c,
          glass_columns_a, glass_columns_b, glass_columns_a, glass_columns_b,
          glass_columns_a, glass_columns_b, glass_columns_a, glass_columns_a,
          glass_columns_c, glass_columns_c, glass_columns_a, glass_columns_a,
          glass_columns_b
D:5:      kennysheep_okawaru_gauntlet, kennysheep_generic_room_15
D:6:      lemuel_round_altar
D:7:      grunt_livestock, minmay_misc_feat_nine_boxes, minmay_holes
D:8:      marbit_many_paths, dpeg_lair_monsters
D:9:      zombieorc1_lemuel, basic_altar
D:10:     item_on_display_a
D:11:     serial_shops, nicolae_shop_statue_plus
D:12:     david_defended_altar_elf, uniq_snorg
D:13:     basic_altar
D:14:     minmay_swirls_squares, david_vaults_4, minivault_19
D:15:     grunt_enter_depths_giant_problem, uniq_roxanne
Lair:1:   lab_entry_generic, nicolae_volcano_entry_two_sided,
          serial_bayou_shore_b
Lair:2:   minivault_27, serial_bayou_shore_b
Lair:4:   grunt_megastairs_4
Lair:5:   guppyfry_snake_entry_garden, beast_lair_carwin_6, uniq_maud
Lair:6:   beast_lair_carwin_large_1, minmay_swamp_entry_swarm, enter_volcano_4,
          serial_forest, infiniplex_forest_clump_cross,
          infiniplex_forest_clump_small, infiniplex_forest_straight_3,
          infiniplex_forest_clump_small, infiniplex_forest_clump_curved
Lair:7:   bh_autumn_forest_stairs, lemuel_fruit_tree, uniq_kirke
Lair:8:   minmay_lair_end_frog_pond, slime_altar_1,
          portal_ice_cave_entry_dragon, uniq_nessos
Swamp:1:  evilmike_swamp_ruin_house_6, swamp_pool2, uniq_aizul
Swamp:2:  nicolae_swamp_fairy_circle, uniq_jorgrun
Swamp:3:  evilmike_swamp_ruin_house_1, uniq_mara
Swamp:4:  swamp_vile
Snake:1:  basic_altar, spider_trap, uniq_josephine, uniq_louise, uniq_nikola
Snake:2:  serial_bayou_shore_b
Snake:3:  grunt_ministairs_14, uniq_norris
Snake:4:  snake_pit_salamanders_mu
Slime:1:  nicolae_slime_jelly_donut
Slime:5:  cheibrodos_slime_lost_civilization_3, uniq_dissolution
Orc:1:    uniq_nergalle, uniq_erica
Orc:2:    pubby_orc_utopia
Elf:1:    basic_altar
Elf:2:    kilobyte_mutagenic_chamber
Elf:3:    nooodl_elf_gasket, serial_shops, statue_bzr,
          nicolae_trove_entry_free_sample
Vaults:1: nicolae_vaults_little_squares_4, nicolae_vaults_c_with_doors,
          nicolae_vaults_stairing_the_circle, nicolae_vaults_alarming, v_misc_1,
          nicolae_vaults_hallways_thing, nicolae_vaults_circle_grid_b, v_misc_9,
          vaults_room_fancy_cross, basic_altar, serial_shops,
          nicolae_shop_overgrown_old_shop
Vaults:2: vaults_room_fancy_cross, hangedman_vaults_stretched_pinwheel,
          nicolae_vaults_octagons, v_misc_14, ontoclasm_vaults_ligature,
          stair_cage_open, ontoclasm_vaults_ring_small,
          hangedman_vaults_restitches, hangedman_vaults_river_flow,
          vaults_room_pools, hangedman_vaults_maws, v_misc_27, serial_shops,
          shop_statue
Vaults:3: blue_anna_dwarven_crypt, vaults_room_stairs_pillars, v_misc_26,
          vaults_mumra_minichess, vaults_dpeg_cross, v_misc_8, v_misc_22,
          v_pattern_3
Vaults:4: hangedman_vaults_nodes, nicolae_vaults_disjoint_gnomons,
          hangedman_vaults_slice, vaults_room_door_hall,
          nicolae_vaults_ninety_degrees, v_pattern_2, vaults_mumra_chevron_long,
          ontoclasm_vaults_hangar, nicolae_vaults_little_squares_5,
          grunt_vaults_hallway_short, nicolae_vaults_little_squares_3
Vaults:5: uniq_frederick
Crypt:1:  grunt_deathspiral_small, uniq_jory
Crypt:2:  nrook_guardian_serpent_ordinary, basic_stair_grate_trap
Crypt:3:  david_glass_crypt, st_stairs_6, grunt_megastairs_3, uniq_xtahua
Depths:1: basic_altar, serial_shops, nicolae_shop_trees, shop, shop, shop,
          grunt_metal_band, st_stairs_13, minmay_misc_feat_five,
          lemuel_old_faithful
Depths:2: minmay_tri_box, hell_entry, infiniplex_staircase_pillars_3a
Depths:3: minmay_strange_plus, grunt_pan_entry_sceptre, kennysheep_nondescript,
          pf_hell_entry_tar_river
Depths:4: minmay_open_boxes_in_corner, rand_demon_pan_entry_1, hell_entry,
          abyss_entry, serial_bayou, serial_bayou_pond_d, serial_bayou_pond_e,
          serial_bayou_pond_d, serial_bayou_lagoon_a, serial_bayou_pond_c
Depths:5: evilmike_zot_entry_argh, enter_ziggurat_b, pan_entry, serial_shops,
          nicolae_shop_stone, hell_entry, serial_sigils_hangedman_writhe
Dis:5:    hangedman_player_shredder
Dis:7:    iron_city_of_dis
Geh:7:    geh_grunt
Coc:7:    coc_dpeg
Tar:1:    nicolae_tar_cuneiform_not
Tar:5:    minmay_shadows
Tar:7:    tar_mu
Zot:2:    kennysheep_ambush_hall
Zot:3:    hangedman_zot_vaults_quadrants, hangedman_zot_decor_tridents,
          st_stairs_11, st_small_dragon_hoard_2, kennysheep_underground_church
Zot:4:    minmay_elemental_castle
Abyss:1:  hangedman_abyss_exit_choices
Abyss:3:  evilmike_abyss_exit_8, hangedman_cross_veins,
          grunt_abyss_rune_the_horror
Pan:      evilmike_mini_pan_pillars, pan_blood_fountain_small,
          nicolae_pan_double_arrow, evilmike_mini_pan_thingy,
          pan_blood_fountain, grunt_pan_frozen_over, rand_demon_8,
          pan_blood_fountain, reaverb_pan_chaos_star, grunt_pan_pentagram,
          rand_demon_4, nicolae_pan_lom_lobonic_1, rand_demon_2,
          nicolae_pan_gloorx_vloqian_3, nicolae_pan_giant_door, rand_demon_7,
          rand_demon_8, cerebov_st, rand_demon_9, pan_blood_fountain,
          nicolae_pan_lom_lobonic_2, rand_demon_9, lom_lobon_spiral_st,
          pan_blood_fountain_small, nicolae_pan_double_arrow,
          nicolae_pan_lom_lobonic_4, nicolae_pan_sick_transit, rand_demon_9,
          nicolae_pan_mnolegish_1, gloorx_vloq_st, rand_demon_8,
          pan_blood_fountain_small, evilmike_mini_pan_corner,
          pan_blood_fountain_small, lemuel_hall_of_pain, rand_demon_3, mnoleg,
          pan_blood_fountain_2
Zig:10:   ziggurat_loot_2
Zig:13:   ziggurat_pillar_centre_c
Zig:14:   ziggurat_pillar_centre_smoke
Lab:      nicolae_lab_plus, nicolae_lab_swirl, nicolae_lab_very_dead_end,
          labyrinth_skeletal_remains, nicolae_lab_garden, nicolae_lab_grate
Bazaar:   bazaar_jpeg_cross
Trove:    trove_armour_six_rooms
IceCv:    ice_cave_small_demon
Volcano:  volcano_village

Skill      XL: |  1  2  3  4  5  6  7  8  9 10 11 12 13 14 15 16 17 18 19 20 21 22 23 24 25 26 27 |
---------------+----------------------------------------------------------------------------------+-----
Shields        | 4 5 6 7 8 9 10 12 13 14 15 16 17 18 19 20 21 22 27 | 27.0
Throwing       | 1 2 3 4 5 16 | 16.8
Fighting       | 4 5 6 7 8 10 11 12 13 14 15 16 17 18 19 20 21 27 | 27.0
Axes           | 3 4 5 7 8 10 12 13 14 15 17 18 19 20 21 22 23 24 25 27 | 27.0
Armour         | 4 5 6 7 9 10 11 12 13 14 15 16 17 18 19 20 27 | 27.0
Evocations     | 1 3 4 5 21 | 21.9
Spellcasting   | 21 | 21.5
Charms         | 22 | 22.0
Translocations | 4 |  4.5
Necromancy     | 22 | 22.0
Fire Magic     | 20 | 20.0
Air Magic      | 7 |  7.6
Ice Magic      | 13 | 13.2
Conjurations   | 16 | 16.0

Action                   |  1- 3 |  4- 6 |  7- 9 | 10-12 | 13-15 | 16-18 | 19-21 | 22-24 | 25-27 || total
-------------------------+-------+-------+-------+-------+-------+-------+-------+-------+-------++-------
Melee: War axe           |   108 |   112 |   285 |   927 |   846 |    74 |       |       |       ||  2352
       Kick              |       |       |       |       |   515 |   575 |   543 |   235 |     1 ||  1869
       Executioner's axe |       |       |       |       |   697 |  1512 |  1289 |  1354 |  9052 || 13904
Throw: Tomahawk          |       |     8 |     1 |    11 |     8 |       |       |       |     5 ||    33
       Javelin           |       |       |       |       |       |       |     1 |     1 |    35 ||    37
 Cast: Regeneration      |       |       |       |       |       |       |       |       |   526 ||   526
       Repel Missiles    |       |       |       |       |       |       |       |       |    15 ||    15
       Bolt of Fire      |       |       |       |       |       |       |       |       |     8 ||     8
       Deflect Missiles  |       |       |       |       |       |       |       |       |     6 ||     6
       Ring of Flames    |       |       |       |       |       |       |       |       |     4 ||     4
Invok: Sacrifice Stealth |       |     1 |       |       |       |       |       |       |       ||     1
       Sacrifice Love    |       |       |     1 |       |       |       |       |       |       ||     1
       Sacrifice Words   |       |       |       |     1 |       |       |       |       |       ||     1
       Sacrifice Nimblen |       |       |       |     1 |       |       |       |       |       ||     1
       Power Leap        |       |       |       |     1 |     3 |    11 |     2 |     2 |    57 ||    76
       Reject Sacrifices |       |       |       |     1 |     1 |       |       |       |       ||     2
       Sacrifice an Eye  |       |       |       |     1 |       |       |       |       |       ||     1
       Draw Out Power    |       |       |       |       |     1 |     3 |       |       |     4 ||     8
       Sacrifice Purity  |       |       |       |       |     1 |       |       |       |       ||     1
       Sacrifice Arcana  |       |       |       |       |       |     1 |       |       |       ||     1
       Apocalypse        |       |       |       |       |       |       |     1 |     1 |    28 ||    30
 Abil: Dig               |       |       |       |     6 |     6 |     2 |       |     4 |    18 ||    36
       Evoke Flight      |       |       |       |       |       |       |       |       |     4 ||     4
       Stop Flying       |       |       |       |       |       |       |       |       |     3 ||     3
       Shaft Self        |       |       |       |       |       |       |       |       |    16 ||    16
Evoke: Wand              |       |     1 |     1 |    11 |       |       |       |       |    26 ||    39
       Stone of tremors  |       |       |       |       |     1 |       |       |       |       ||     1
       Deck              |       |       |       |       |       |     1 |     5 |     1 |    19 ||    26
       Staff of Dispater |       |       |       |       |       |       |       |       |     2 ||     2
       Rod               |       |       |       |       |       |       |       |       |     1 ||     1
  Use: Scroll            |     6 |     4 |     2 |    18 |    10 |    10 |     2 |    10 |    88 ||   150
       Potion            |       |     1 |       |     1 |     9 |    11 |       |     2 |    54 ||    78
 Stab: Distracted        |       |       |       |     3 |     7 |    11 |     9 |     9 |    69 ||   108
       Invisible         |       |       |       |     7 |     9 |     9 |     6 |     9 |    60 ||   100
       Paralysed         |       |       |       |       |     5 |     8 |     5 |     2 |    62 ||    82
       Petrified         |       |       |       |       |       |       |       |       |     1 ||     1
       Confused          |       |       |       |       |       |       |       |       |     1 ||     1
  Eat: Chunk             |     1 |     7 |    10 |    25 |    41 |    28 |    22 |    28 |    41 ||   203
       Beef jerky        |       |       |       |     2 |       |       |     1 |     2 |    13 ||    18
       Fruit             |       |       |       |     2 |     1 |       |     1 |       |    32 ||    36
       Meat ration       |       |       |       |       |       |     3 |       |       |     6 ||     9
       Pizza             |       |       |       |       |       |     1 |       |     1 |     8 ||    10
       Bread ration      |       |       |       |       |       |       |     1 |       |    30 ||    31
       Royal jelly       |       |       |       |       |       |       |       |     2 |    15 ||    17
Armor: Scale mail        |    60 |    41 |    76 |   137 |       |       |       |       |       ||   314
       Chain mail        |       |    11 |    35 |       |     1 |       |       |       |       ||    47
       Plate armour      |       |       |       |    98 |   675 |   514 |   189 |       |   180 ||  1656
       Crystal plate arm |       |       |       |       |       |       |   160 |   309 |   343 ||   812
       Gold dragon armou |       |       |       |       |       |       |       |       |  1555 ||  1555
Dodge: Dodged            |    44 |    37 |    75 |   176 |   353 |   278 |   167 |    93 |   911 ||  2134
       Deflected         |       |       |       |       |       |       |       |       |    63 ||    63
Block: Shield            |    67 |    62 |   193 |   621 |  1265 |   552 |       |       |       ||  2760
       Reflection        |       |       |     2 |     9 |    25 |    87 |   144 |   156 |    94 ||   517
       Large shield      |       |       |       |       |       |  1071 |  1398 |  1114 |  8220 || 11803
